 Dungeon Crawl Stone Soup version 0.31-a0-202-g547052bce9 (webtiles) character file.

Game seed: 11515069136778936328

86 qw the Shooter (level 4, -4/25 HPs)
             Began as a Deep Elf Hunter on June 26, 2023.
             Slain by a black bear (5 damage)
             ... on level 2 of the Dungeon.
             The game lasted 00:00:31 (1033 turns).

qw the Shooter (Deep Elf Hunter)                    Turns: 1033, Time: 00:00:31

Health: -4/25      AC:  3    Str: 10    XL:     4   Next: 27%
Magic:  6/6        EV: 12    Int: 14    God:
Gold:   45         SH:  0    Dex: 18    Spells: 3/3 levels left

rFire   . . .        Y - +0 shortbow
rCold   . . .        (shield currently unavailable)
rNeg    . . .        c - +0 leather armour
rPois   .            (no helmet)
rElec   .            (no cloak)
rCorr   .            (no gloves)
SInv    .            (no boots)
Will    .....        (no amulet)
Stlth   ++           (no ring)
HPRegen 0.24/turn    (no ring)
MPRegen 0.10/turn

%: no passive effects
@: no status effects
A: no striking features
a: no special abilities


You were on level 2 of the Dungeon.
You visited 1 branch of the dungeon, and saw 2 of its levels.

You collected 45 gold pieces.


   Skills:
 - Level 1.5 Fighting
 + Level 7.7 Ranged Weapons
 - Level 2.4 Dodging
 - Level 1.2 Stealth


You had 3 spell levels left.
You didn't know any spells.
Your spell library was empty.

Inventory:

Hand Weapons
 Y - a +0 shortbow (weapon)
Armour
 a - a +0 ring mail
 c - a +0 leather armour (worn)
Scrolls
 b - a scroll of fog {unknown}
 d - a scroll of enchant armour
 e - 3 scrolls of identify

Dungeon Overview and Level Annotations

Branches:
Dungeon (2/15)

Altars:
Wu Jian


Message History

You shoot an arrow. The arrow hits the black bear!
The black bear is heavily wounded.
The black bear closely misses you.
The black bear claws you but does no damage.
The black bear claws you.
You shoot an arrow.
The arrow hits the black bear but does no damage.
The black bear is heavily wounded.
The black bear bites you but does no damage.
The black bear closely misses you. The black bear barely misses you.
You shoot an arrow.
The arrow closely misses the black bear.
The black bear barely misses you.
The black bear claws you but does no damage.
The black bear closely misses you.
You shoot an arrow.
The arrow closely misses the black bear.
The black bear closely misses you. The black bear barely misses you. x2
You shoot an arrow. The arrow hits the black bear.
The black bear is heavily wounded.
The black bear bites you but does no damage.
The black bear claws you. The black bear misses you.
You shoot an arrow.
The arrow hits the black bear but does no damage.
The black bear is heavily wounded.
The black bear bites you. The black bear claws you.
The black bear claws you but does no damage.
You shoot an arrow.
The arrow completely misses the black bear.
The black bear bites you. The black bear misses you.
The black bear claws you but does no damage.
You shoot an arrow. The arrow hits the black bear!
The black bear is almost dead.
The black bear completely misses you. The black bear closely misses you.
The black bear claws you.
The black bear goes berserk!
You shoot an arrow.
The arrow hits the black bear but does no damage.
The black bear is almost dead.
The black bear bites you.
You die...

### #### ... ... #.###
.###.# # #... )..#.# .#
#..# .#.#.##.# #..#
.%...... ..# #h.#######
...........# #@.......#
###..###.#.######.###.#.
###.## #.#.#.........#
.....# #.#.#.####.#.##
###..# #.#.#.# #..##
#..# #.#.#.# ###.#
#..###.#.#.#######.#
###...%........)......#
...........#.###.### #.#


You could see a black bear (berserk).

Vanquished Creatures
  A gnoll (D:1)
  2 adders (D:2)
  2 worms (D:2)
  A dart slug (D:1)
  3 ball pythons
  9 bats
  2 endoplasms (D:1)
  2 giant cockroaches
  3 goblins
  3 hobgoblins (D:1)
  8 jackals (D:1)
  7 kobolds
  5 rats
48 creatures vanquished.

Notes
Turn   | Place    | Note
-------+----------+-------------------------------------------
     0 | D:1      | qw the Deep Elf Hunter began the quest for the Orb.
     0 | D:1      | Reached XP level 1. HP: 12/12 MP: 3/3
     0 | D:1      | 0 ||| qw: Version: 0.3-a-22-g0ed2b0b
     0 | D:1      | 0 ||| qw: Game counter: 5870
     0 | D:1      | 0 ||| qw: Melee chars always use a shield: true
     0 | D:1      | 0 ||| qw: God list: Okawaru
     0 | D:1      | 0 ||| qw: Allow faded altars: false
     0 | D:1      | 0 ||| qw: Do Orc after clearing Dungeon:15 true
     0 | D:1      | 0 ||| qw: Do second Lair branch before Depths: true
     0 | D:1      | 0 ||| qw: Lair rune preference: random
     0 | D:1      | 0 ||| qw: Goals: Normal
     0 | D:1      | 0 ||| PLANNING D:1-11
   113 | D:1      | Reached XP level 2. HP: 16/16 MP: 4/4
   127 | D:1      | Reached skill level 6 in Ranged Weapons
   430 | D:1      | Reached XP level 3. HP: 20/20 MP: 5/5
   609 | D:1      | Reached skill level 7 in Ranged Weapons
   800 | D:1      | 800 ||| READING scroll labelled AKLAWKOGIR.
   801 | D:1      | 801 ||| READING 5 scrolls labelled WOAZUI BATY.
   802 | D:1      | 802 ||| READING 4 scrolls of identify.
   802 | D:1      | 802 ||| IDENTIFYING smoky pink potion
   803 | D:1      | 803 ||| DROPPING scroll of butterflies.
   804 | D:1      | 804 ||| DROPPING potion of brilliance.
   946 | D:2      | Reached XP level 4. HP: 25/25 MP: 6/6
   950 | D:2      | Found an ornate altar of the Wu Jian Council.
  1018 | D:2      | Noticed a black bear
  1031 | D:2      | HP: 4/25 [black bear (5)]
  1032 | D:2      | HP: 1/25 [black bear (3)]
  1033 | D:2      | Slain by a black bear

Levels and vault maps discovered:
D:1:      dpeg_arrival_another_circle, layout_loops_ring
D:2:      layout_loops_ring, basic_altar

Skill      XL: |  1  2  3 |
---------------+----------+-----
Ranged Weapons | 6 7 |  7.7
Fighting       | |  1.5
Dodging        | |  2.4
Stealth        | |  1.2

Action                     |  1- 3 |  4- 6 || total
---------------------------+-------+-------++-------
   Fire: Shortbow          |   111 |    26 ||   137
    Use: Scroll            |     3 |       ||     3
 Armour: Leather armour    |    11 |     6 ||    17
  Dodge: Dodged            |    29 |    17 ||    46

Table legend:
 A = Non-vault XP
 B = Vault XP
 C = Vault XP percentage of total XP
 D = Non-vault monster count
 E = Vault monster count
 F = Vault count percentage of total count
                 A         B        C        D         E       F
            +---------+---------+-------+---------+---------+-------
      Total |     124 |       0 |   0.0 |      48 |       0 |   0.0
            +---------+---------+-------+---------+---------+-------
        D:1 |      76 |       0 |   0.0 |      36 |       0 |   0.0
        D:2 |      48 |       0 |   0.0 |      12 |       0 |   0.0
            +---------+---------+-------+---------+---------+-------
